General information
- name: BNet
- type: Ladder team game (AT/RT)
- host: Battle.net
- saver: TerrorSquadron
map: Battleground
- players: 8
- length: 39:48
- speed: Fast
- version: 1.26 W3XP
- replay type: Public
» download(224 KB)
Players
team 1 (loser)
ConnecticutDEAD (
teal | 42 APM | 442 actions | 10:32)
3 Crypt Lord
2 Carrion Beetles
1 Spiked Carapace
» actions
| Assign group hotkey | 18 | |
| Build / train | 49 | |
| Enter build submenu | 9 | |
| Enter hero's abilities submenu | 4 | |
| Right click | 174 | |
| Select / deselect | 119 | |
| Select group hotkey | 36 | |
| Use ability | 33 | |
442 total
» units
» upgrades
| Unholy Strength | 2 | |
| Unholy Armor | 2 | |
4 total
» buildings
| Crypt | 1 | |
| Ziggurat | 4 | |
| Altar of Darkness | 1 | |
| Graveyard | 1 | |
| Tomb of Relics | 1 | |
| Halls of the Dead | 3 | |
11 total
» build order
00:07 Crypt
00:17 Ziggurat
00:34 Altar of Darkness
00:57 Ziggurat
02:03 Graveyard
03:02 Tomb of Relics
03:09 Ziggurat
05:52 Halls of the Dead
05:53 Halls of the Dead
05:53 Halls of the Dead
08:03 Ziggurat
» items
| Rod of Necromancy | 2 | |
| Dust of Appearance | 1 | |
| Scroll of Town Portal | 1 | |
| Potion of Healing | 3 | |
7 total
TerrorSquadron (
green | 105 APM | 4175 actions | 39:48)
8 Archmage
3 Summon Water Elemental
3 Brilliance Aura
1 Blizzard
1 Mass Teleport
» actions
| Assign group hotkey | 100 | |
| Basic commands | 101 | |
| Build / train | 269 | |
| ESC pressed | 12 | |
| Enter build submenu | 84 | |
| Enter hero's abilities submenu | 9 | |
| Give item / drop item | 14 | |
| Right click | 1248 | |
| Select / deselect | 589 | |
| Select group hotkey | 1421 | |
| Use ability | 328 | |
4175 total
» units
| Peasant | 29 | |
| Footman | 14 | |
| Rifleman | 1 | |
| Sorceress | 1 | |
| Gryphon Rider | 3 | |
| Mortar Team | 7 | |
| Knight | 3 | |
| Siege Engine | 1 | |
59 total
» upgrades
| Swords | 3 | |
| Armor | 3 | |
| Masonry | 3 | |
| Lumber Harvesting | 2 | |
| Sorceress Training | 2 | |
| Magic Sentry | 1 | |
| Backpack | 1 | |
| Storm Hammers | 1 | |
| Cloud | 1 | |
| Animal War Training | 1 | |
| Plating | 3 | |
| Gunpowder | 3 | |
| Barrage | 1 | |
| Fragmentation Shards | 1 | |
| Priest Training | 2 | |
| Control Magic | 1 | |
| Flak Cannons | 1 | |
| Flying Machine Bombs | 1 | |
| Flare | 1 | |
32 total
» buildings
| Altar of Kings | 1 | |
| Barracks | 2 | |
| Farm | 12 | |
| Arcane Vault | 1 | |
| Lumber Mill | 2 | |
| Blacksmith | 1 | |
| Keep | 3 | |
| Scout Tower | 42 | |
| Town Hall | 3 | |
| Guard Tower | 88 | |
| Arcane Tower | 6 | |
| Castle | 3 | |
| Gryphon Aviary | 7 | |
| Arcane Sanctum | 1 | |
| Spirit Tower | 4 | |
| Workshop | 4 | |
180 total
» build order
00:14 Altar of Kings
00:16 Barracks
00:23 Farm
00:56 Farm
01:38 Farm
01:55 Arcane Vault
03:23 Farm
03:43 Lumber Mill
04:11 Blacksmith
04:47 Keep
04:47 Keep
04:47 Keep
08:34 Scout Tower
08:37 Scout Tower
08:39 Scout Tower
08:43 Scout Tower
08:48 Town Hall
08:57 Farm
09:01 Guard Tower
09:01 Guard Tower
09:02 Guard Tower
09:03 Guard Tower
09:04 Scout Tower
09:05 Scout Tower
09:08 Scout Tower
09:10 Scout Tower
09:11 Arcane Tower
09:13 Guard Tower
09:13 Guard Tower
09:13 Guard Tower
09:18 Scout Tower
09:21 Scout Tower
09:23 Scout Tower
09:25 Scout Tower
09:29 Castle
09:29 Castle
09:39 Guard Tower
09:39 Guard Tower
09:40 Guard Tower
09:40 Guard Tower
09:41 Guard Tower
09:41 Guard Tower
09:45 Scout Tower
09:47 Scout Tower
09:52 Scout Tower
10:17 Guard Tower
10:17 Guard Tower
10:17 Guard Tower
10:49 Guard Tower
11:13 Guard Tower
11:24 Guard Tower
12:20 Lumber Mill
12:46 Guard Tower
12:46 Guard Tower
12:46 Guard Tower
12:49 Scout Tower
12:51 Scout Tower
13:27 Barracks
13:40 Scout Tower
13:42 Scout Tower
13:44 Scout Tower
13:46 Scout Tower
14:10 Guard Tower
14:10 Guard Tower
14:12 Guard Tower
14:12 Guard Tower
14:43 Guard Tower
14:43 Guard Tower
14:48 Guard Tower
14:48 Guard Tower
14:49 Guard Tower
15:51 Gryphon Aviary
15:53 Gryphon Aviary
15:55 Gryphon Aviary
15:56 Gryphon Aviary
15:58 Gryphon Aviary
16:18 Arcane Sanctum
16:41 Guard Tower
16:41 Guard Tower
16:41 Guard Tower
17:05 Farm
17:09 Farm
19:21 Spirit Tower
19:22 Spirit Tower
19:22 Spirit Tower
20:28 Scout Tower
20:29 Scout Tower
20:31 Scout Tower
20:32 Scout Tower
20:33 Scout Tower
20:34 Scout Tower
20:36 Scout Tower
20:57 Guard Tower
20:57 Guard Tower
20:58 Guard Tower
21:07 Town Hall
21:09 Scout Tower
21:11 Scout Tower
21:14 Scout Tower
21:16 Guard Tower
21:45 Guard Tower
21:45 Guard Tower
21:46 Guard Tower
21:47 Arcane Tower
21:47 Arcane Tower
21:48 Arcane Tower
24:12 Guard Tower
24:12 Guard Tower
24:40 Guard Tower
25:00 Guard Tower
25:00 Guard Tower
25:01 Guard Tower
25:07 Guard Tower
25:07 Guard Tower
25:08 Guard Tower
25:11 Guard Tower
25:12 Guard Tower
26:31 Workshop
26:32 Workshop
26:33 Workshop
26:34 Workshop
28:40 Scout Tower
28:41 Scout Tower
28:41 Scout Tower
28:41 Scout Tower
29:15 Guard Tower
29:16 Guard Tower
29:17 Guard Tower
29:17 Guard Tower
29:56 Farm
35:44 Scout Tower
35:45 Scout Tower
35:46 Scout Tower
35:47 Scout Tower
35:48 Scout Tower
36:01 Scout Tower
36:14 Guard Tower
36:14 Guard Tower
36:21 Town Hall
36:30 Scout Tower
36:40 Guard Tower
36:40 Guard Tower
37:27 Gryphon Aviary
37:30 Gryphon Aviary
37:45 Guard Tower
39:31 Farm
39:32 Farm
39:32 Farm
39:33 Farm
» items
| Scroll of Regeneration | 11 | |
| Scroll of Town Portal | 5 | |
| Tome of Retraining | 1 | |
| Periapt of Vitality | 1 | |
| Staff of Teleportation | 1 | |
| Potion of Invisibility | 3 | |
| Lesser Clarity Potion | 1 | |
| Ivory Tower | 8 | |
| Potion of Healing | 4 | |
| Mechanical Critter | 3 | |
38 total
Obtuse (
orange | 38 APM | 1512 actions | 39:48)
5 Mountain King
3 Storm Bolt
2 Bash
2 Warden
1 Shadow Strike
1 Blink
» actions
| Basic commands | 79 | |
| Build / train | 137 | |
| Enter build submenu | 108 | |
| Enter hero's abilities submenu | 7 | |
| Give item / drop item | 3 | |
| Remove unit from queue | 6 | |
| Right click | 410 | |
| Select / deselect | 629 | |
| Use ability | 133 | |
1512 total
» units
| Peasant | 24 | |
| Footman | 5 | |
| Gryphon Rider | 7 | |
| Knight | 2 | |
38 total
» upgrades
| Masonry | 3 | |
| Swords | 3 | |
| Storm Hammers | 1 | |
| Lumber Harvesting | 2 | |
| Armor | 3 | |
| Magic Sentry | 1 | |
13 total
» buildings
| Farm | 19 | |
| Lumber Mill | 3 | |
| Altar of Kings | 1 | |
| Scout Tower | 61 | |
| Arcane Tower | 1 | |
| Guard Tower | 33 | |
| Barracks | 4 | |
| Keep | 2 | |
| Blacksmith | 2 | |
| Arcane Vault | 2 | |
| Castle | 4 | |
| Gryphon Aviary | 4 | |
| Town Hall | 1 | |
| Arcane Sanctum | 1 | |
138 total
» build order
00:49 Farm
00:53 Lumber Mill
00:56 Altar of Kings
01:27 Farm
01:50 Scout Tower
02:09 Scout Tower
02:20 Arcane Tower
02:22 Scout Tower
02:27 Farm
02:37 Guard Tower
02:44 Scout Tower
02:49 Guard Tower
03:17 Farm
03:24 Guard Tower
03:41 Barracks
03:51 Keep
03:51 Keep
03:57 Farm
04:04 Blacksmith
04:08 Blacksmith
04:46 Farm
05:13 Arcane Vault
05:19 Scout Tower
05:27 Lumber Mill
05:50 Scout Tower
05:54 Scout Tower
06:00 Scout Tower
06:05 Guard Tower
06:37 Castle
06:37 Castle
06:37 Castle
06:59 Scout Tower
07:21 Gryphon Aviary
07:31 Guard Tower
07:40 Gryphon Aviary
07:43 Gryphon Aviary
08:27 Scout Tower
08:31 Scout Tower
09:01 Gryphon Aviary
09:18 Guard Tower
09:20 Scout Tower
10:52 Guard Tower
10:55 Scout Tower
11:03 Farm
11:46 Scout Tower
11:48 Scout Tower
12:21 Scout Tower
12:28 Scout Tower
12:30 Scout Tower
12:54 Guard Tower
13:05 Town Hall
13:06 Scout Tower
13:16 Guard Tower
13:16 Guard Tower
13:16 Guard Tower
14:07 Guard Tower
14:20 Scout Tower
14:22 Scout Tower
14:23 Scout Tower
14:51 Guard Tower
14:51 Guard Tower
15:16 Scout Tower
15:19 Scout Tower
15:45 Scout Tower
15:49 Scout Tower
16:02 Lumber Mill
16:35 Guard Tower
16:56 Farm
17:20 Scout Tower
18:05 Scout Tower
18:08 Scout Tower
18:19 Scout Tower
18:25 Scout Tower
18:47 Guard Tower
18:48 Farm
18:52 Farm
18:53 Farm
18:58 Guard Tower
19:00 Scout Tower
19:09 Scout Tower
20:13 Scout Tower
20:15 Scout Tower
20:16 Scout Tower
21:47 Farm
22:00 Arcane Vault
22:01 Guard Tower
22:05 Scout Tower
22:20 Scout Tower
22:27 Farm
22:28 Farm
22:30 Farm
22:32 Farm
22:41 Scout Tower
22:43 Guard Tower
22:58 Scout Tower
23:05 Farm
23:11 Guard Tower
23:23 Scout Tower
23:25 Scout Tower
23:29 Scout Tower
24:02 Guard Tower
24:14 Guard Tower
24:16 Scout Tower
24:18 Scout Tower
25:49 Guard Tower
25:50 Scout Tower
25:52 Scout Tower
25:53 Scout Tower
26:14 Arcane Sanctum
26:51 Guard Tower
26:53 Scout Tower
28:11 Guard Tower
28:30 Scout Tower
29:16 Scout Tower
29:23 Scout Tower
29:27 Guard Tower
29:53 Scout Tower
29:54 Scout Tower
30:01 Guard Tower
30:02 Scout Tower
30:03 Scout Tower
30:43 Barracks
30:50 Barracks
30:57 Barracks
31:53 Scout Tower
32:07 Farm
32:08 Farm
32:12 Guard Tower
32:24 Scout Tower
32:25 Guard Tower
33:14 Guard Tower
33:17 Scout Tower
34:09 Guard Tower
34:10 Scout Tower
36:33 Guard Tower
37:50 Scout Tower
» items
| Scroll of Regeneration | 9 | |
| Scroll of Town Portal | 3 | |
| Potion of Healing | 4 | |
| Orb of Fire | 1 | |
17 total
AccCreate (
purple | 99 APM | 953 actions | 09:39)
2 Warden
1 Shadow Strike
1 Blink
» actions
| Assign group hotkey | 11 | |
| Basic commands | 46 | |
| Build / train | 43 | |
| ESC pressed | 2 | |
| Enter build submenu | 16 | |
| Enter hero's abilities submenu | 2 | |
| Give item / drop item | 1 | |
| Right click | 347 | |
| Select / deselect | 131 | |
| Select group hotkey | 293 | |
| Use ability | 61 | |
953 total
» units
| Wisp | 19 | |
| Archer | 1 | |
| Druid of the Claw | 1 | |
| Dryad | 2 | |
23 total
» upgrades
| Druid of the Claw Training | 1 | |
| Abolish Magic | 1 | |
2 total
» buildings
| Altar of Elders | 1 | |
| Moon Well | 7 | |
| Ancient of War | 1 | |
| Ancient of Wonders | 2 | |
| Tree of Ages | 2 | |
| Hunter's Hall | 1 | |
| Ancient of Lore | 2 | |
| Tree of Eternity | 1 | |
17 total
» build order
00:05 Altar of Elders
00:18 Moon Well
00:37 Ancient of War
01:48 Moon Well
01:59 Ancient of Wonders
02:09 Ancient of Wonders
02:46 Moon Well
03:25 Tree of Ages
04:16 Hunter's Hall
05:59 Ancient of Lore
06:02 Ancient of Lore
06:05 Moon Well
06:39 Tree of Eternity
08:41 Moon Well
08:59 Moon Well
09:00 Moon Well
» items
| Lesser Clarity Potion | 4 | |
| Boots of Speed | 1 | |
| Staff of Teleportation | 1 | |
| Staff of Preservation | 1 | |
| Potion of Healing | 1 | |
8 total
team 2 (winner)
tankstankstanks (
yellow | 71 APM | 2485 actions | 35:05)
8 Archmage
3 Summon Water Elemental
3 Brilliance Aura
1 Blizzard
1 Mass Teleport
3 Mountain King
2 Storm Bolt
1 Thunder Clap
2 Paladin
1 Holy Light
1 Divine Shield
» actions
| Assign group hotkey | 92 | |
| Basic commands | 16 | |
| Build / train | 128 | |
| ESC pressed | 1 | |
| Enter build submenu | 45 | |
| Enter hero's abilities submenu | 12 | |
| Give item / drop item | 6 | |
| Right click | 673 | |
| Select / deselect | 570 | |
| Select group hotkey | 734 | |
| Use ability | 208 | |
2485 total
» units
| Peasant | 32 | |
| Footman | 4 | |
| Forest Troll Shadow Priest | 4 | |
| Forest Troll Berserker | 1 | |
| Knight | 2 | |
| Siege Engine | 7 | |
| Flying Machine | 5 | |
55 total
» upgrades
| Defend | 1 | |
| Masonry | 3 | |
| Lumber Harvesting | 2 | |
| Animal War Training | 1 | |
| Gunpowder | 3 | |
| Plating | 3 | |
| Barrage | 1 | |
| Flak Cannons | 1 | |
| Magic Sentry | 1 | |
| Sorceress Training | 2 | |
| Priest Training | 2 | |
| Control Magic | 1 | |
| Nature's Blessing | 1 | |
| Well Spring | 1 | |
| Ultravision | 1 | |
| Swords | 1 | |
| Storm Hammers | 1 | |
| Cloud | 1 | |
| Fragmentation Shards | 1 | |
28 total
» buildings
| Altar of Kings | 1 | |
| Farm | 12 | |
| Barracks | 1 | |
| Lumber Mill | 1 | |
| Keep | 1 | |
| Scout Tower | 13 | |
| Town Hall | 3 | |
| Guard Tower | 5 | |
| Blacksmith | 1 | |
| Castle | 1 | |
| Arcane Vault | 2 | |
| Workshop | 6 | |
| Cannon Tower | 4 | |
| Gryphon Aviary | 5 | |
| Arcane Sanctum | 1 | |
57 total
» build order
00:09 Altar of Kings
00:22 Farm
00:37 Barracks
00:57 Farm
01:34 Farm
02:11 Lumber Mill
03:27 Farm
03:51 Farm
04:55 Keep
05:17 Scout Tower
05:19 Scout Tower
06:05 Town Hall
06:09 Town Hall
06:11 Scout Tower
06:12 Scout Tower
06:14 Scout Tower
06:15 Scout Tower
06:16 Scout Tower
06:25 Guard Tower
06:45 Guard Tower
06:51 Blacksmith
07:57 Guard Tower
08:37 Castle
08:43 Arcane Vault
09:14 Guard Tower
09:17 Scout Tower
09:20 Scout Tower
09:39 Scout Tower
09:41 Scout Tower
10:12 Workshop
10:14 Workshop
10:16 Workshop
10:19 Workshop
10:43 Farm
10:44 Farm
10:45 Farm
10:48 Farm
11:00 Guard Tower
12:26 Workshop
12:29 Workshop
12:35 Arcane Vault
13:11 Scout Tower
14:26 Cannon Tower
14:31 Scout Tower
14:42 Cannon Tower
18:00 Cannon Tower
21:20 Farm
21:32 Gryphon Aviary
21:34 Arcane Sanctum
21:39 Gryphon Aviary
21:44 Gryphon Aviary
22:14 Farm
22:26 Cannon Tower
22:29 Farm
27:28 Town Hall
33:17 Gryphon Aviary
33:18 Gryphon Aviary
» items
| Boots of Speed | 1 | |
| Staff of Teleportation | 1 | |
| Potion of Lesser Invulnerability | 1 | |
| Staff of Sanctuary | 3 | |
| Scroll of Town Portal | 2 | |
| Mechanical Critter | 2 | |
| Periapt of Vitality | 1 | |
| Tome of Retraining | 1 | |
| Orb of Venom | 1 | |
| Anti-magic Potion | 1 | |
14 total
Oblong (
pink | 53 APM | 2110 actions | 39:48)
6 Archmage
3 Summon Water Elemental
2 Brilliance Aura
1 Mass Teleport
2 Keeper of the Grove
1 Thorns Aura
1 Entangling Roots
» actions
| Assign group hotkey | 81 | |
| Basic commands | 188 | |
| Build / train | 80 | |
| Enter build submenu | 57 | |
| Enter hero's abilities submenu | 8 | |
| Give item / drop item | 3 | |
| Remove unit from queue | 3 | |
| Right click | 856 | |
| Select / deselect | 453 | |
| Select group hotkey | 185 | |
| Use ability | 196 | |
2110 total
» units
| Peasant | 19 | |
| Footman | 3 | |
| Rifleman | 9 | |
| Gryphon Rider | 6 | |
37 total
» upgrades
| Long Rifles | 1 | |
| Lumber Harvesting | 2 | |
| Gunpowder | 2 | |
| Armor | 3 | |
| Swords | 3 | |
| Animal War Training | 1 | |
| Storm Hammers | 1 | |
| Cloud | 1 | |
14 total
» buildings
| Altar of Kings | 1 | |
| Barracks | 1 | |
| Farm | 12 | |
| Scout Tower | 30 | |
| Blacksmith | 1 | |
| Arcane Tower | 1 | |
| Arcane Vault | 1 | |
| Keep | 1 | |
| Lumber Mill | 3 | |
| Guard Tower | 8 | |
| Castle | 1 | |
| Town Hall | 5 | |
| Gryphon Aviary | 4 | |
69 total
» build order
00:36 Altar of Kings
00:37 Barracks
00:53 Farm
01:05 Farm
01:07 Farm
01:35 Scout Tower
02:17 Blacksmith
02:44 Farm
02:50 Arcane Tower
03:04 Arcane Vault
04:44 Keep
05:00 Lumber Mill
05:41 Farm
05:45 Scout Tower
05:47 Scout Tower
05:48 Scout Tower
05:54 Scout Tower
06:49 Guard Tower
07:20 Scout Tower
07:21 Scout Tower
07:22 Scout Tower
07:24 Guard Tower
07:24 Guard Tower
07:52 Farm
07:53 Guard Tower
10:35 Castle
11:59 Town Hall
12:05 Scout Tower
12:06 Scout Tower
12:06 Scout Tower
12:07 Scout Tower
12:12 Scout Tower
13:19 Gryphon Aviary
13:19 Gryphon Aviary
13:20 Gryphon Aviary
14:30 Town Hall
14:32 Town Hall
14:45 Scout Tower
14:45 Scout Tower
14:45 Scout Tower
14:54 Lumber Mill
15:48 Farm
15:50 Farm
15:50 Farm
15:52 Farm
15:53 Farm
15:53 Farm
17:55 Guard Tower
19:59 Guard Tower
23:41 Gryphon Aviary
27:01 Lumber Mill
29:43 Scout Tower
29:44 Scout Tower
29:45 Scout Tower
29:45 Scout Tower
29:46 Scout Tower
29:49 Scout Tower
29:51 Scout Tower
29:51 Scout Tower
29:52 Scout Tower
29:56 Scout Tower
30:06 Scout Tower
30:06 Scout Tower
30:07 Scout Tower
30:07 Scout Tower
30:52 Guard Tower
31:08 Guard Tower
31:10 Guard Tower
32:21 Town Hall
39:34 Town Hall
» items
| Dust of Appearance | 1 | |
| Scroll of Regeneration | 3 | |
| Periapt of Vitality | 1 | |
| Staff of Teleportation | 1 | |
6 total

»
EliteChild (
red | 27 APM | 1041 actions | 38:24)
3 Archmage
2 Summon Water Elemental
1 Blizzard
» actions
| Build / train | 45 | |
| Enter build submenu | 17 | |
| Enter hero's abilities submenu | 4 | |
| Give item / drop item | 2 | |
| Right click | 708 | |
| Select / deselect | 237 | |
| Use ability | 28 | |
1041 total
» units
| Peasant | 14 | |
| Footman | 3 | |
| Rifleman | 5 | |
| Dryad | 7 | |
29 total
» upgrades
| Swords | 1 | |
| Abolish Magic | 1 | |
| Strength of the Wild | 2 | |
4 total
» buildings
| Altar of Kings | 2 | |
| Barracks | 1 | |
| Farm | 4 | |
| Lumber Mill | 1 | |
| Arcane Vault | 1 | |
| Blacksmith | 1 | |
| Keep | 2 | |
| Town Hall | 1 | |
| Tree of Eternity | 1 | |
| Ancient of Wind | 1 | |
15 total
» build order
00:05 Altar of Kings
00:07 Barracks
00:09 Farm
00:14 Farm
00:21 Lumber Mill
01:20 Farm
03:09 Arcane Vault
03:36 Blacksmith
04:31 Keep
07:46 Town Hall
12:24 Keep
13:13 Farm
16:01 Altar of Kings
21:59 Tree of Eternity
22:03 Ancient of Wind
» items
| Lesser Clarity Potion | 1 | |
| Potion of Healing | 2 | |
| Potion of Mana | 1 | |
| Scroll of Town Portal | 1 | |
5 total
Ticket (
blue | 47 APM | 332 actions | 07:04)
2 Demon Hunter
1 Evasion
1 Mana Burn
1 Keeper of the Grove
1 Entangling Roots
» actions
| Assign group hotkey | 10 | |
| Basic commands | 3 | |
| Build / train | 22 | |
| ESC pressed | 1 | |
| Enter build submenu | 11 | |
| Enter hero's abilities submenu | 3 | |
| Right click | 149 | |
| Select / deselect | 83 | |
| Select group hotkey | 34 | |
| Use ability | 16 | |
332 total
» units
» buildings
| Altar of Elders | 1 | |
| Moon Well | 4 | |
| Ancient of Wonders | 1 | |
| Hunter's Hall | 1 | |
| Tree of Ages | 1 | |
| Ancient Protector | 2 | |
| Ancient of Lore | 2 | |
12 total
» build order
00:09 Altar of Elders
00:23 Moon Well
01:16 Ancient of Wonders
01:24 Moon Well
02:05 Hunter's Hall
02:50 Tree of Ages
03:11 Ancient Protector
03:38 Ancient Protector
04:57 Moon Well
05:26 Ancient of Lore
05:31 Ancient of Lore
05:51 Moon Well
» items
| Boots of Speed | 1 | |
| Staff of Teleportation | 1 | |
| Dust of Appearance | 1 | |
3 total
Chat log
(00:08 / All) TerrorSquadron: LEVEL 1S
(00:11 / All) AccCreate: lol
(00:16 / All) ConnecticutDEAD: mass team kill
(00:19 / All) TerrorSquadron: EVERYWHERE
(00:22 / All) AccCreate: xD
(00:31 / All) Oblong: C'mon guys, let's play with class
(00:44 / All) ConnecticutDEAD: JAMES HOLMESSSSSSSSSSSS
(01:08 / Allies) Obtuse: im on outside
(01:11 / Allies) Obtuse: im towering
(01:12 / Allies) Obtuse: up
(01:14 / Allies) TerrorSquadron: k
(01:15 / Allies) AccCreate: .,,,,,,,
(01:17 / All) ConnecticutDEAD: so what do you think about the shootings
(01:26 / All) AccCreate: lol
(01:29 / All) Oblong: impressive kill count
(01:38 / All) ConnecticutDEAD: yeah it's more than a penta kill
(01:43 / All) Obtuse: how many
(01:52 / All) ConnecticutDEAD: 22 i think?
(02:05 / All) Obtuse: bad for the guy gotta explain himself
(02:12 / All) ConnecticutDEAD: he's dead
(02:18 / All) Obtuse: i kno
(02:29 / All) ConnecticutDEAD: can i put my penis in your ear yellow
(02:49 / All) ConnecticutDEAD: from the depts i cum
(02:53 / All) ConnecticutDEAD: says the crypt lord
(03:32 / All) ConnecticutDEAD: red
(03:35 / All) ConnecticutDEAD: i dont really like you
(03:56 / All) EliteChild: why
(04:05 / All) ConnecticutDEAD: cause im gonna kill u
(04:10 / All) ConnecticutDEAD: and your siblings too
(05:01 / All) AccCreate: 4 peasants for tp
(05:02 / All) AccCreate: good enough
(05:15 / All) Oblong: you didn't get 4 peons
(05:22 / All) AccCreate: i think i did
(05:27 / All) Oblong: you got 2 at the most
(05:29 / All) AccCreate: or im lagging
(05:33 / All) Oblong: I think you got 1
(05:42 / All) AccCreate: i think u crazy
(06:09 / All) Oblong: I lost 1 peon
(06:13 / All) AccCreate: ya u craz
(06:15 / All) ConnecticutDEAD: you better shut up
(06:18 / All) AccCreate: how i get lvl 2 then?
(06:25 / All) Oblong: I had 10 on wood
(06:30 / All) Oblong: you killed a gold one
(06:47 / All) ConnecticutDEAD: i love bacon
(06:48 / All) AccCreate: and im killing towers?
(06:49 / All) ConnecticutDEAD: I'M ON BATH SALTS
(08:37 / Allies) TerrorSquadron: ?
(08:41 / Allies) TerrorSquadron: oh it's you nvm
(08:42 / Allies) Obtuse: ill help u tower
(08:42 / Allies) AccCreate: help?
(08:44 / Allies) Obtuse: u expo
(08:47 / Allies) AccCreate: da fuq?
(08:52 / Allies) ConnecticutDEAD: relax
(09:06 / Allies) ConnecticutDEAD: ill tp
(09:36 / All) AccCreate: fuyck my allie
(11:23 / Allies) Obtuse: can i get expo tho
(11:32 / Allies) TerrorSquadron: if you can creep it
(16:31 / Allies) Obtuse: gold?
(19:28 / Allies) Obtuse: hes all tanks
(19:33 / Allies) Obtuse: gotta get some knights?
(19:34 / Allies) Obtuse: help
(19:46 / Allies) TerrorSquadron: I have nothing
(22:37 / Allies) Obtuse: lets hit ?
(24:32 / Allies) Obtuse: where do we hit
(27:16 / Allies) Obtuse: green
(27:18 / Allies) Obtuse: where 2
(28:49 / Allies) Obtuse: so pink
(31:47 / Allies) Obtuse: green
(31:52 / Allies) TerrorSquadron: ?
(32:03 / Allies) Obtuse: i think we gunna lose
(32:05 / Allies) TerrorSquadron: No
(34:21 / Allies) Obtuse: i almost out of gold
(35:18 / Allies) Obtuse: lol
(35:37 / Allies) TerrorSquadron: you took my tp
(35:38 / Allies) TerrorSquadron: Give it back
(35:41 / Allies) Obtuse: hahah
(36:34 / All) Oblong: You LOSE, good day to you
(38:30 / All) TerrorSquadron: Which team gets the loss?
(38:32 / All) Oblong: blue should get the loss
(38:35 / All) Obtuse: hahha
(38:36 / All) Oblong: he was a dumb faggot
(38:38 / All) TerrorSquadron: k
(38:51 / All) Oblong: bragging about killing 4 peons when he got 1
(39:01 / All) Oblong: yellow wasn't a bad dude
(39:06 / All) Oblong: kept giving me resources
(39:13 / All) Oblong: only said "wth man" when I killed his expo
(39:16 / All) Oblong: and "wow" at the end
(39:31 / All) Oblong: You guys can just leave
(39:40 / All) TerrorSquadron: Blue is on your team
(39:44 / All) Oblong: oh
(39:46 / All) Oblong: I meant purple